 Dungeon Crawl Stone Soup version 0.24.0-123-gd5b16e6ec5 (webtiles) character file.

Game seed: 6491755990091928629, levelgen mode: deterministic

676 Curus the Spear-Bearer (level 7, -3/50 HPs)
             Began as a Merfolk Gladiator on Feb 3, 2020.
             Was an Initiate of Yredelemnul.
             Slain by Prince Ribbit (15 damage)
             ... on level 5 of the Dungeon.
             The game lasted 00:13:11 (3228 turns).

Curus the Spear-Bearer (Merfolk Gladiator)          Turns: 3228, Time: 00:13:11

Health: -3/50      AC: 13    Str: 14    XL:     7   Next: 59%
Magic:  7/7        EV: 16    Int:  8    God:    Yredelemnul [......]
Gold:   195        SH:  6    Dex: 17    Spells: 6/6 levels left

rFire    . . .     SeeInvis .   a - +0 trident
rCold    . . .     Gourm    .   (no shield)
rNeg     . . .     Faith    .   n - +4 ring mail
rPois    .         Spirit   .   c - +0 helmet
rElec    .         Reflect  +   (no cloak)
rCorr    .         Harm     .   o - +0 pair of gloves
MR       .....                  (boots currently unavailable)
Stlth    ++........             l - +6 amulet of reflection
HPRegen  0.16/turn              (no ring)
MPRegen  0.10/turn              (no ring)

@: very quick
A: change form in water, swift swim, stealthy swim, yellow scales 1, blink, no
potion heal 1, MP-powered wands
a: Blink, Renounce Religion


You were on level 5 of the Dungeon.
You worshipped Yredelemnul.
Yredelemnul was noncommittal.
You were very hungry.

You visited 1 branch of the dungeon, and saw 5 of its levels.

You collected 195 gold pieces.

Inventory:

Hand Weapons
 a - a +0 trident (weapon)
Missiles
 d - 3 throwing nets (quivered)
Armour
 b - a +0 leather armour
 c - a +0 helmet (worn)
 n - a +4 ring mail (worn)
 o - a +0 pair of gloves (worn)
Jewellery
 l - a +6 amulet of reflection (around neck)
 m - an uncursed amulet of faith {unknown}
Wands
 k - a wand of iceblast (9)
Scrolls
 g - a scroll of remove curse
 i - a scroll of magic mapping
 j - 2 scrolls of fear
Potions
 e - a potion of brilliance
 h - a potion of mutation
Comestibles
 f - 9 rations


   Skills:
 - Level 2.1 Fighting
 + Level 12.0 Polearms
 - Level 2.0 Throwing
 - Level 4.0 Dodging


You had 6 spell levels left.
You didn't know any spells.
Your spell library was empty.

Dungeon Overview and Level Annotations

Branches:
Dungeon (5/15)
 Temple: D:4-7

Altars:
Trog
Yredelemnul

Shops:
D:4 :

Annotations:
D:5 Prince Ribbit


Innate Abilities, Weirdness & Mutations

You revert to your normal form in water.
You are very nimble and swift while swimming.
You are very stealthy in the water. (Stealth+)
You are partially covered in yellow scales. (AC +2)
You can translocate small distances at will.
Potions are less effective at restoring your health.
You expend magic power (3 MP) to strengthen your wands.


Message History

Prince Ribbit misses you.
You hit Prince Ribbit but do no damage.
Prince Ribbit is heavily wounded.
Prince Ribbit hits you!
You completely miss Prince Ribbit.
Your tail-slap misses Prince Ribbit.
Prince Ribbit is heavily wounded.
Prince Ribbit hits you!
* * * LOW HITPOINT WARNING * * *
You barely miss Prince Ribbit.
Prince Ribbit is heavily wounded.
Prince Ribbit misses you.
You miss Prince Ribbit.
Prince Ribbit is moderately wounded.
Prince Ribbit hits you.
* * * LOW HITPOINT WARNING * * *
You hit Prince Ribbit.
Prince Ribbit is heavily wounded.
Prince Ribbit hits you!
You die...
Your body rises from the dead as a mindless zombie.

...# ##........ . ###..#
##......... . ....#
##.......... ###. ...#
#.......#...
....#####.###.#....###.#
............(...........
......$.................
......)).(..............
.....(F@≈≈(≈≈≈≈≈≈≈≈≈≈≈≈≈
..(..≈≈≈≈≈≈≈≈≈≈≈≈≈≈≈≈≈≈≈
.....≈≈≈(≈≈(≈≈≈≈≈≈≈≈≈≈≈≈
#++#####################


You could see Prince Ribbit.

Vanquished Creatures
  Grinder (D:3)
  A phantom (D:3)
  Blork the orc (D:4)
  A howler monkey (D:4)
  An orc priest (D:4)
  A hound (D:4)
  An orc wizard (D:4)
  An iguana (D:4)
  Ijyb (D:4)
  2 worker ants (D:4)
  An adder (D:3)
  2 oozes (D:1)
  An adder skeleton (D:4)
  A worm (D:3)
  A dart slug (D:3)
  10 orcs
  5 bats (D:1)
  3 giant cockroaches
  6 hobgoblins
  11 jackals
  A quokka (D:4)
  A ball python (D:2)
  4 frilled lizards (D:1)
  6 goblins
  5 kobolds
  14 rats
83 creatures vanquished.

Notes
Turn   | Place    | Note
-------+----------+-------------------------------------------
     0 | D:1      | Curus the Merfolk Gladiator began the quest for the Orb.
     0 | D:1      | Reached XP level 1. HP: 16/16 MP: 1/1
    71 | D:1      | Reached skill level 5 in Polearms
    73 | D:1      | Reached XP level 2. HP: 16/22 MP: 2/2
   167 | D:1      | Reached skill level 6 in Polearms
   167 | D:1      | Reached XP level 3. HP: 18/27 MP: 3/3
   674 | D:2      | Gained mutation: You are partially covered in yellow
                  | scales. (AC +2) [potion of mutation]
   674 | D:2      | Gained mutation: Potions are less effective at restoring
                  | your health. [potion of mutation]
   674 | D:2      | Gained mutation: You expend magic power (3 MP) to
                  | strengthen your wands. [potion of mutation]
   674 | D:2      | Gained mutation: You can translocate small distances at
                  | will. [potion of mutation]
   682 | D:2      | Noticed a moth of wrath
   685 | D:2      | Found a bloodstained altar of Trog.
  1317 | D:3      | Reached XP level 4. HP: 31/33 MP: 4/4
  1322 | D:3      | Reached skill level 7 in Polearms
  1445 | D:3      | Noticed a phantom
  1475 | D:3      | Killed a phantom
  1475 | D:3      | Reached skill level 8 in Polearms
  1475 | D:3      | Reached XP level 5. HP: 18/38 MP: 5/5
  1899 | D:3      | Noticed Grinder
  1902 | D:3      | Paralysed by Grinder for 5 turns
  1917 | D:3      | Paralysed by Grinder for 3 turns
  1927 | D:3      | HP: 1/38 [Grinder (5)]
  1932 | D:3      | Killed Grinder
  1932 | D:3      | Reached skill level 10 in Polearms
  1932 | D:3      | Reached XP level 6. HP: 2/44 MP: 6/6
  2449 | D:4      | Noticed Ijyb
  2461 | D:4      | Killed Ijyb
  2473 | D:4      | Reached XP level 7. HP: 37/50 MP: 7/7
  2540 | D:4      | Reached skill level 11 in Polearms
  2741 | D:4      | Noticed Blork the orc
  2753 | D:4      | Killed Blork the orc
  2823 | D:4      | Found a basalt altar of Yredelemnul.
  2826 | D:4      | Became a worshipper of Yredelemnul the Dark
  2869 | D:4      | Found Azoe's Book Boutique.
  2912 | D:4      | Reached skill level 12 in Polearms
  2923 | D:5      | Entered Level 5 of the Dungeon
  3206 | D:5      | Noticed Prince Ribbit
  3228 | D:5      | Slain by Prince Ribbit

Levels and vault maps discovered:
D:1:      lightli_arrival_lavapool, layout_rooms
D:2:      layout_rooms, tgw_trog, first_ration, st_stairs_11
D:3:      layout_basic, uniq_grinder
D:4:      layout_basic, kennysheep_mini, serial_shops, shop_coins, uniq_ijyb,
          uniq_blork_the_orc
D:5:      minmay_goblin_kobold_castle, layout_loops_ring, kennysheep_mini_moat,
          uniq_prince_ribbit1, uniq_sigmund

Skill      XL: |  1  2  3  4  5  6  7 |
---------------+----------------------+-----
Polearms       | 5 6 8 10 12 | 12.0
Fighting       | |  2.1
Throwing       | |  2.0
Dodging        | |  4.0

Action                   |  1- 3 |  4- 6 |  7- 9 || total
-------------------------+-------+-------+-------++-------
Melee: Trident           |   131 |   117 |   116 ||   364
       Tailslap          |       |       |     3 ||     3
Throw: Throwing net      |       |     1 |       ||     1
  Use: Scroll            |     5 |     1 |       ||     6
       Potion            |     2 |     1 |     3 ||     6
 Stab: Sleeping          |       |     2 |     1 ||     3
  Eat: Chunk             |     1 |     2 |       ||     3
       Ration            |       |     1 |       ||     1
Armor: Leather armour    |    29 |    19 |     3 ||    51
       Ring mail         |       |       |    16 ||    16
Dodge: Dodged            |    91 |    46 |    40 ||   177
Block: Other             |       |       |    10 ||    10
       Reflection        |       |       |     2 ||     2
